 Dungeon Crawl Stone Soup version 0.19-a0-867-g949743d (webtiles) character file.

961 Gorice the Conjurer (level 7, -1/46 HPs)
             Began as a Demonspawn Venom Mage on July 3, 2016.
             Shot with an arrow by a centaur (10 damage)
             ... on level 6 of the Dungeon.
             The game lasted 00:34:41 (8063 turns).

Gorice the Conjurer (Demonspawn Venom Mage)         Turns: 8063, Time: 00:34:42

Health: -1/46      AC:  8    Str: 13    XL:     7   Next: 92%
Magic:  12/12      EV: 12    Int: 18    God:
Gold:   178        SH:  0    Dex: 13    Spells: 1 memorised, 11 levels left

rFire  + . .     SeeInvis .     a - +0 lajatang
rCold  . . .     Gourm    .     d - +0 ring mail (curse)
rNeg   . . .     Faith    .     (shield currently unavailable)
rPois  .         Spirit   .     (no helmet)
rElec  .         Dismiss  .     (no cloak)
rCorr  .         Reflect  .     p - +0 pair of gloves
SustAt .         Harm     .     k - +1 pair of boots
MR     .....                    (no amulet)
Stlth  +.........               w - +4 ring of strength
                                r - +1 ring of evasion

@: not resistant to hostile enchantments, very unstealthy
A: fire resistance 1
a: no special abilities


You were on level 6 of the Dungeon.
You were not hungry.

You visited 2 branches of the dungeon, and saw 7 of its levels.

You collected 178 gold pieces.

Inventory:

Hand Weapons
 a - a +0 lajatang (weapon)
 e - a +1 dagger of electrocution
   (You took it off an orc wizard on level 4 of the Dungeon)
 t - a +0 hunting sling
 v - a +1 whip of venom
   (You took it off a kobold on level 3 of the Dungeon)
Missiles
 i - 6 tomahawks
 q - 4 poisoned needles
 s - 59 sling bullets
 y - 39 bolts
 z - 3 needles of confusion
 L - 4 poisoned javelins (quivered)
 X - 5 tomahawks of dispersal
 Z - 212 stones
Armour
 d - a cursed +0 ring mail (worn)
 k - a +1 pair of boots (worn)
 p - a +0 pair of gloves (worn)
 D - a +0 robe
Jewellery
 r - a +1 ring of evasion (left hand)
 w - a +4 ring of strength (right hand)
Scrolls
 g - a scroll of teleportation {!r}
 h - a scroll of fog
 A - a scroll of recharging
 B - a scroll of blinking
 J - a scroll of magic mapping {!r}
 N - a scroll of amnesia
Potions
 l - a potion of heal wounds {!q}
 m - 2 potions of curing
 n - 2 potions of agility {!q}
 o - a potion of resistance {unknown}
 C - a potion of lignification {!q}
 E - 2 potions of ambrosia
 F - 2 potions of cure mutation {!q}
 G - 2 potions of magic {!q}
 H - a potion of cancellation {!q}
 I - 2 potions of invisibility {unknown}
 K - a potion of might {unknown}
Books
 b - a Young Poisoner's Handbook
Comestibles
 c - 6 bread rations {!e}
 f - 3 fruits
 j - 2 chunks of flesh
 u - a royal jelly
 x - 4 meat rations {!e}
 M - a slice of pizza


   Skills:
 + Level 5.5 Staves
 - Level 1.7 Dodging
 - Level 1.7 Stealth
 + Level 3.3 Spellcasting
 + Level 5.6 Conjurations
 - Level 4.0 Poison Magic


You had 11 spell levels left.
You knew the following spells:

 Your Spells              Type           Power        Failure   Level  Hunger
a - Sting                 Conj/Pois      ###.         6%          1    None


Dungeon Overview and Level Annotations

Branches:
Dungeon (6/15)             Temple (1/1) D:6

Altars:
Ashenzari
Cheibriados
Dithmenos
Gozag
Kikubaaqudgha
Makhleb
Nemelex Xobeh
Pakellas
Qazlal
Ru
Trog
Vehumet
Xom
Zin

Shops:
D:4 }==

Annotations:
D:3 murphy's ghost, amateur OpTm
D:4 murphy's ghost, amateur OpTm


Innate Abilities, Weirdness & Mutations

Your flesh is heat resistant. (rF+)


Message History

The orc wizard seems to speed up.
The orc warrior looks more healthy.
The orc wizard casts a spell at you. The magic dart hits you!
Damage: 9 (max 9)
Casting: Sting
Confirm with . or Enter, or press ? or * to list all spells.
Aiming: Sting
Press: ? - help, Shift-Dir - straight line, f/p - orc warrior
Aim: an orc warrior, wielding a glaive and wearing a plate armour (moderately wounded)
The sting misses the orc warrior.
The orc wizard casts a spell.
The orc wizard blinks!
The orc wizard closely misses you.
The orc wizard hits you with a dagger of protection.
Damage: 1 (max 9)
The orc wizard hits you but does no damage.
A centaur comes into view.
The centaur wields a shortbow.
The centaur shoots an arrow.
The arrow completely misses you.
The centaur unwields an uncursed shortbow.
The centaur hits you.
The orc wizard gestures at you while chanting.
The magic dart hits you!
Damage: 8 (max 9)
The centaur hits you.
The centaur hits you but does no damage.
Damage: 2 (max 9)
The centaur wields an uncursed shortbow.
The centaur shoots an arrow.
The arrow hits you but does no damage.
You see here an arrow.
The centaur shoots an arrow.
The arrow hits you.
You see here an arrow.
Damage: 4 (max 9)
The centaur shoots an arrow.
The arrow hits you.
* * * LOW HITPOINT WARNING * * *
There is an open door here.
You see here an arrow.
Damage: 5 (max 9)
The centaur shoots an arrow.
The arrow hits you.
* * * LOW HITPOINT WARNING * * *
You see here an arrow.
Damage: 4 (max 9)
The centaur shoots an arrow.
The arrow hits you!
* * * LOW HITPOINT WARNING * * *
There is an open door here.
You see here an arrow.
Damage: 7 (max 9)
The centaur shoots an arrow.
The arrow hits you!
You die...

#########################
#................#......#
#...............@#......#
#................(......#
#.......##....[.##(....##
#.......##......##(####.#
######'###......#..((.o.########
#........#..)...#...c..#o......#
#........#......#...o..#.o.....##
.....(...'.)....#......#.o.......
.........#......########........[


You could see a centaur and an orc wizard.

Vanquished Creatures
  A phantom (D:5)
  An ice beast (D:6)
  An ogre (D:3)
  2 centaurs (D:5)
  A centaur zombie (D:5)
  A hound (D:4)
  An orc priest (D:4)
  4 orc wizards
  A giant frog skeleton (D:5)
  3 worker ants (D:6)
  A killer bee zombie (D:3)
  7 adders
  5 gnolls
  An ooze (D:5)
  2 dart slugs (D:1)
  4 giant geckos
  15 orcs
  5 giant cockroaches
  9 goblins
  7 hobgoblins
  3 quokkas
  10 bats
  8 giant newts
  8 kobolds
  3 quokka skeletons
  6 rats
110 creatures vanquished.

Notes
Turn   | Place    | Note
-------+----------+-------------------------------------------
     0 | D:1      | Gorice the Demonspawn Venom Mage began the quest for the Orb.
     0 | D:1      | Reached XP level 1. HP: 13/13 MP: 3/3
   346 | D:1      | Reached skill level 1 in Conjurations
   494 | D:1      | HP: 3/13 [dart slug/slug dart (2)]
   539 | D:1      | Gained mutation: Your flesh is heat resistant. (rF+) [demonic ancestry]
   539 | D:1      | Reached XP level 2. HP: 6/19 MP: 1/5
  1583 | D:1      | Reached skill level 2 in Conjurations
  1807 | D:2      | Reached XP level 3. HP: 22/24 MP: 0/6
  2607 | D:2      | Found a glowing silver altar of Zin.
  2940 | D:3      | Reached XP level 4. HP: 30/30 MP: 1/8
  2976 | D:3      | Reached skill level 3 in Conjurations
  3043 | D:3      | HP: 7/30 [killer bee zombie (5)]
  3044 | D:3      | HP: 2/30 [killer bee zombie (5)]
  3421 | D:3      | Reached skill level 3 in Spellcasting
  3542 | D:3      | Noticed murphy's ghost (amateur OpTm)
  3605 | D:3      | Reached skill level 1 in Staves
  3605 | D:3      | Reached XP level 5. HP: 34/35 MP: 5/9
  3756 | D:3      | HP: 9/35 [killer bee zombie (5)]
  3759 | D:3      | HP: 3/35 [killer bee zombie (7)]
  3874 | D:3      | HP: 10/35 [killer bee zombie (4)]
  4697 | D:4      | Reached skill level 2 in Staves
  4706 | D:4      | Reached skill level 4 in Conjurations
  4869 | D:4      | Noticed murphy's ghost (amateur OpTm)
  4870 | D:4      | Noticed an ogre
  4913 | D:3      | Killed an ogre
  4913 | D:3      | Reached skill level 3 in Staves
  4913 | D:3      | Reached XP level 6. HP: 17/41 MP: 7/10
  5471 | D:4      | Found Lobonera's Jewellery Emporium.
  5472 | D:4      | Found Xuk Yvvye's Gadget Shop.
  5473 | D:4      | Found Pisim's Jewellery Emporium.
  6296 | D:5      | Entered Level 5 of the Dungeon
  6576 | D:5      | Found a shadowy altar of Dithmenos.
  6848 | D:5      | Reached skill level 4 in Staves
  6848 | D:5      | Reached XP level 7. HP: 29/46 MP: 4/11
  6866 | D:5      | HP: 10/46 [phantom (7)]
  6879 | D:5      | Reached skill level 5 in Conjurations
  7619 | D:5      | Reached skill level 5 in Staves
  7847 | D:6      | Found a staircase to the Ecumenical Temple.
  7857 | Temple   | Entered the Ecumenical Temple
  8062 | D:6      | HP: 8/46 [centaur/arrow (7)]
  8063 | D:6      | Shot with an arrow by a centaur

Vault maps used:
D:1:      lightli_arrival_flooded_house, serial_aquarium,
          aquarium_bridge_long_joined, aquarium_window_2, aquarium_window_1,
          aquarium_window_fake, aquarium_window_fake, aquarium_view_2c,
          aquarium_balcony_5b, aquarium_pool_side
D:2:      lemuel_coloured_pillars_altar, first_bread, serial_bayou_ford_a
D:3:      dk_noncrumbling_4
D:4:      minmay_shop_grove, minmay_goblin_outpost
D:5:      overflow_temple_1_default, hangedman_abyss_or_decor_lesser_grid
D:6:      lemuel_castle_with_subvaults, uniq_blork_the_orc
Temple:   minmay_temple_bridge_abc

Skill      XL: |  1  2  3  4  5  6  7 |
---------------+----------------------+-----
Conjurations   | 1 2 3 4 5 |  5.6
Spellcasting   | 3 |  3.3
Staves         | 1 3 4 5 |  5.5
Dodging        | |  1.7
Stealth        | |  1.7
Poison Magic   | |  4.0

Action                   |  1- 3 |  4- 6 |  7- 9 || total
-------------------------+-------+-------+-------++-------
Melee: Unarmed           |    50 |       |       ||    50
       Mace              |       |     4 |       ||     4
       Lajatang          |       |    76 |    52 ||   128
Throw: Stone             |     2 |       |       ||     2
       Javelin           |       |     5 |     5 ||    10
       Tomahawk          |       |     1 |     5 ||     6
 Cast: Sting             |    92 |   101 |    40 ||   233
  Use: Scroll            |     9 |    10 |     2 ||    21
       Potion            |       |     2 |     2 ||     4
 Stab: Sleeping          |       |     1 |       ||     1
  Eat: Chunk             |     7 |    12 |     4 ||    23
Armor: Robe              |    25 |    10 |       ||    35
       Ring mail         |       |    40 |    22 ||    62
       Skin              |       |       |    12 ||    12
Dodge: Dodged            |    74 |    96 |    44 ||   214

Table legend:
 A = Turns spent in this place as a percentage of turns spent in the entire game.
 B = Non-inter-level travel turns spent in this place as a percentage of non-inter-level travel turns spent in the entire game.
 C = Inter-level travel turns spent in this place as a percentage of turns spent in this place.
 D = Turns resting spent in this place as a percentage of non-inter-level travel turns spent in this place.
 E = Turns spent auto-exploring this place as a percentage of non-inter-level travel turns spent in this place.
 F = Non-inter-level travel turns spent in this place divided by the number of levels of this place that you've seen.
                   A       B       C       D       E      F
               +-------+-------+-------+-------+-------+----------------------
         Total | 100.0 | 100.0 |   0.8 |   3.9 |   6.0 | 335.6
       Dungeon |  98.4 |  98.4 |   0.8 |   4.0 |   6.0 | 385.2
        Temple |   1.6 |   1.6 |   2.6 |   0.0 |   7.9 |  38.0
               +-------+-------+-------+-------+-------+----------------------

Vault maps used:
D:1:      lightli_arrival_flooded_house, serial_aquarium,
          aquarium_bridge_long_joined, aquarium_window_2, aquarium_window_1,
          aquarium_window_fake, aquarium_window_fake, aquarium_view_2c,
          aquarium_balcony_5b, aquarium_pool_side
D:2:      lemuel_coloured_pillars_altar, first_bread, serial_bayou_ford_a
D:3:      dk_noncrumbling_4
D:4:      minmay_shop_grove, minmay_goblin_outpost
D:5:      overflow_temple_1_default, hangedman_abyss_or_decor_lesser_grid
D:6:      lemuel_castle_with_subvaults, uniq_blork_the_orc
Temple:   minmay_temple_bridge_abc
